 Dungeon Crawl Stone Soup version 0.21.0-3-g78d12a8bdd (webtiles) character file.

657 TehFrederick the Ruffian (level 7, -9/70 HPs)
             Began as a Troll Fighter on Jan 16, 2018.
             Killed from afar by Prince Ribbit the raiju (14 damage)
             ... with a living lightning
             ... on level 5 of the Dungeon.
             The game lasted 00:19:52 (3243 turns).

TehFrederick the Ruffian (Troll Fighter)            Turns: 3243, Time: 00:19:53

Health: -9/70      AC:  5    Str: 27    XL:     7   Next: 29%
Magic:  6/6        EV:  9    Int:  4    God:
Gold:   208        SH:  0    Dex:  9    Spells: 6/6 levels left

rFire    . . .     SeeInvis .     - Unarmed
rCold    . . .     Gourm    +   b - +0 shield
rNeg     . . .     Faith    .   x - +0 robe
rPois    .         Spirit   .   (helmet restricted)
rElec    .         Reflect  .   (no cloak)
rCorr    .         Harm     .   (gloves unavailable)
MR       +....                  (boots unavailable)
Stlth    +.........             (no amulet)
HPRegen  0.61/turn              j - ring of flight
MPRegen  0.10/turn              s - ring of protection from magic

@: confused
A: large, unfitting armour, claws 3, fast metabolism 3, gourmand, regeneration
1, shaggy fur 1, tough skin 2
a: Evoke Flight


You were on level 5 of the Dungeon.
You were very full.

You visited 1 branch of the dungeon, and saw 5 of its levels.

You collected 208 gold pieces.

Inventory:

Armour
 b - a +0 shield (worn)
 x - a +0 robe (worn)
Jewellery
 j - a ring of flight (left claw)
 s - a ring of protection from magic (right claw)
Wands
 o - a wand of polymorph (19)
 r - a wand of enslavement (17)
Scrolls
 a - 2 scrolls of immolation {unknown}
 e - a scroll of magic mapping {unknown}
 f - a scroll of blinking {unknown}
 i - 2 scrolls of amnesia
 m - 3 scrolls of fear {unknown}
 p - a scroll of fog {unknown}
 q - 2 scrolls of remove curse
 t - a scroll of teleportation {unknown}
 u - a scroll of enchant armour {unknown}
Potions
 c - 2 potions of might
 h - a potion of haste {unknown}
 k - a potion of brilliance {unknown}
 l - a potion of ambrosia
 w - a potion of magic {unknown}
Books
 n - a book of Misfortune

   Spells                             Type                      Level
   a - Confusing Touch                Hexes                        1
   b - Confuse                        Hexes                        3
   c - Gell's Gravitas                Translocation                3
   d - Petrify                        Transmutation/Earth          4
   e - Metabolic Englaciation         Hexes/Ice                    5
   f - Yara's Violent Unravelling     Hexes/Transmutation          5
Comestibles
 d - 10 rations


   Skills:
 + Level 4.1 Fighting
 + Level 4.0 Dodging
 + Level 4.1 Shields
 + Level 4.4 Unarmed Combat


You had 6 spell levels left.
You didn't know any spells.

Dungeon Overview and Level Annotations

Branches:
Dungeon (5/15)
 Temple: D:4-7

Altars:

Annotations:
D:5 Prince Ribbit


Innate Abilities, Weirdness & Mutations

You are too large for most types of armour.
You have claws for hands.
Your metabolism is lightning-fast.
You like to eat raw meat.
Your natural rate of healing is unusually fast.
You are covered in fur. (AC +1)
You have very tough skin. (AC +2)


Message History

Aim: Prince Ribbit (lightly wounded, chance to defeat MR: 28%) Prince Ribbit easily resists.
Prince Ribbit lets out a mournful croak.
Evoke which item? (* to show all) (? for menu, Esc to quit)
Aiming: Polymorph
Press: ? - help, Shift-Dir - straight line, f/p - Prince Ribbit
Aim: Prince Ribbit (lightly wounded, chance to defeat MR: 28%) Prince Ribbit evaporates and reforms as a raiju!
Prince Ribbit bursts into living lightning!
The living lightning hits you!
* * * LOW HITPOINT WARNING * * *
Prince Ribbit blinks!
It was a potion of ambrosia.
You are confused.
You feel invigorated.
Prince Ribbit bursts into living lightning!
The living lightning hits you!
* * * LOW HITPOINT WARNING * * *
The living lightning hits you!
You die...

#..#[..?.......#.#
.###....#.#...##..#.######
.............>.<..........
!###......†.#.###.#.#.####
#....#...#.......#
#....#.#.#####.###
#......#.### #.#
#.##.......# #.#
#........@.# #.#
####.....h.# #.. #...%...#
#.......# #########


You could see Prince Ribbit the raiju.

Vanquished Creatures
  Sigmund (D:4)
  A scorpion (D:4)
  2 hounds
  An orc priest (D:3)
  A bullfrog skeleton (D:4)
  An iguana (D:4)
  Natasha (twice) (D:3)
  4 worker ants
  5 adders
  An ooze (D:3)
  An adder skeleton (D:4)
  A dart slug (D:4)
  6 leopard geckos
  9 orcs
  9 bats
  2 giant cockroaches
  10 goblins
  7 hobgoblins
  18 jackals
  10 kobolds
  A quokka (D:4)
  2 ball pythons
  4 frilled lizards
  A jackal skeleton (D:4)
  9 rats
  3 plants (D:2)
112 creatures vanquished.

Notes
Turn   | Place    | Note
-------+----------+-------------------------------------------
     0 | D:1      | TehFrederick the Troll Fighter began the quest for the Orb.
     0 | D:1      | Reached XP level 1. HP: 22/22 MP: 0/0
   180 | D:1      | Reached XP level 2. HP: 29/29 MP: 1/1
   895 | D:2      | Reached XP level 3. HP: 36/36 MP: 2/2
  1655 | D:3      | Reached XP level 4. HP: 45/45 MP: 3/3
  1739 | D:3      | Reached XP level 5. HP: 39/53 MP: 4/4
  1868 | D:3      | Noticed Natasha
  1881 | D:3      | Killed Natasha
  2253 | D:3      | Noticed Natasha
  2268 | D:3      | Killed Natasha
  2417 | D:4      | Reached XP level 6. HP: 61/61 MP: 5/5
  2909 | D:4      | Noticed Sigmund
  2936 | D:4      | Killed Sigmund
  2936 | D:4      | Reached XP level 7. HP: 38/70 MP: 6/6
  3197 | D:5      | Entered Level 5 of the Dungeon
  3197 | D:5      | Noticed Prince Ribbit
  3240 | D:5      | Noticed Prince Ribbit
  3240 | D:5      | Prince Ribbit changed into Prince Ribbit the raiju
  3243 | D:5      | Killed from afar by Prince Ribbit the raiju

Skill      XL: |  1  2  3  4  5  6 |
---------------+-------------------+-----
Fighting       | 3 4 |  4.1
Shields        | 3 4 |  4.1
Dodging        | 3 4 |  4.0
Unarmed Combat | 3 4 |  4.4

Action                   |  1- 3 |  4- 6 |  7- 9 || total
-------------------------+-------+-------+-------++-------
Melee: Unarmed           |   164 |   226 |    17 ||   407
Evoke: Wand              |       |       |     2 ||     2
  Use: Scroll            |       |     6 |       ||     6
       Potion            |       |       |     1 ||     1
  Eat: Chunk             |    21 |    12 |     2 ||    35
Armor: Robe              |    42 |    67 |     3 ||   112
Dodge: Dodged            |    40 |    62 |     4 ||   106
Block: Shield            |    64 |    97 |     9 ||   170
